 Dungeon Crawl Stone Soup version 0.30-a0-1112-gfb780f5df6 (webtiles) character file.

Game seed: 14405871324509746550

5 demibob the Ducker (level 1, 7/13 HPs)
             Began as a Demonspawn Wanderer on Apr 19, 2023.
             Quit the game on level 1 of the Dungeon.
             The game lasted 00:00:15 (121 turns).

demibob the Ducker (Demonspawn Wanderer)             Turns: 121, Time: 00:00:16

Health: 7/13       AC:  5    Str:  9    XL:     1   Next: 66%
Magic:  2/2        EV: 13    Int: 11    God:
Gold:   0          SH:  0    Dex: 17    Spells: 1/2 levels left

rFire   . . .      SeeInvis .    a - +0 dagger
rCold   . . .      Faith    .    (no shield)
rNeg    . . .      Spirit   .    d - +2 leather armour
rPois   .          Reflect  .    (no helmet)
rElec   .          Rampage  .    (no cloak)
rCorr   .                        (no gloves)
Will    .....                    (no boots)
Stlth   ++                       (no amulet)
HPRegen 0.22/turn                (no ring)
MPRegen 0.08/turn                (no ring)

@: no status effects
A: no striking features
a: no special abilities


You were on level 1 of the Dungeon.
You visited 1 branch of the dungeon, and saw 1 of its levels.


   Skills:
 + Level 1.1 Armour
 + Level 3.6 Dodging
 + Level 1.0 Stealth
 + Level 1.1 Spellcasting
 + Level 1.0 Fire Magic
 + Level 1.3 Invocations
 + Level 1.0 Evocations


You had one spell level left.
You knew the following spells:

 Your Spells              Type           Power      Damage    Failure   Level
f - Foxfire               Conj/Fire      4%         2x1d4     34%         1

Your spell library contained the following spells:

 Spells                   Type           Power      Damage    Failure   Level
 Inner Flame              Hex/Fire       1%         N/A       71%         3

Inventory:

Hand Weapons
 a - a +0 dagger (weapon)
Armour
 d - a +2 leather armour (worn)
Jewellery
 R - a ring of resist corrosion
Scrolls
 b - a scroll of teleportation {@r2}
Potions
 c - a potion of berserk rage {!q}
 e - a potion of lignification {unknown}

Dungeon Overview and Level Annotations

Branches:
Dungeon (1/15)

Altars:

## .# .### ######
...############.@>.#
.#.................####
.#####...######.......#
.# #..## ###....##...
.# ##..#####......# #.
># #...#..........#
#####.###...†).....#
##............######
......###....##


There were no monsters in sight!


Message History

You closely miss the goblin.
The goblin is heavily wounded.
The quokka barely misses you. The goblin barely misses you.
The quokka misses you.
You closely miss the goblin.
The goblin is heavily wounded.
The quokka misses you. The goblin closely misses you.
You hit the goblin.
The goblin is severely wounded.
The quokka bites you but does no damage.
The goblin hits you but does no damage.
You hit the goblin.
You kill the goblin!
The quokka closely misses you.
You barely miss the quokka.
The quokka is heavily wounded.
The quokka barely misses you.
You closely miss the quokka.
The quokka is heavily wounded.
The quokka bites you.
* * * LOW HITPOINT WARNING * * *
The quokka completely misses you.
You hit the quokka.
The quokka is severely wounded.
The quokka closely misses you.
You hit the quokka.
You kill the quokka!
You see here a quokka corpse.
R - a ring of resist corrosion Are you sure you want to abandon this character and quit the game? (Confirm with "yes".)

Action                     || total
---------------------------++-------
  Melee: Dagger            ||    33
 Armour: Leather armour    ||    14
  Dodge: Dodged            ||    23

Levels and vault maps discovered:
D:1:      wander_arrival_peaceful_grave, layout_rooms, basic_ecumenical_altar

Notes
Turn   | Place    | Note
-------+----------+-------------------------------------------
     0 | D:1      | demibob the Demonspawn Wanderer began the quest for the
                  | Orb.
     0 | D:1      | demibob set off with the following items: a +0 dagger, a
                  | scroll of teleportation {@r2}, a potion of berserk rage
                  | {!q}, a +2 leather armour; and the following spell
                  | memorised: Foxfire; and the following spells available to
                  | memorise: Inner Flame.
     0 | D:1      | Reached XP level 1. HP: 13/13 MP: 2/2
   121 | D:1      | Quit the game

Vanquished Creatures
  A goblin (D:1)
  A kobold (D:1)
  2 quokkas (D:1)
4 creatures vanquished.

Table legend: (Time is in decaauts)
 A = Elapsed time spent in this place.
 B = Non-inter-level travel time spent in this place.
 C = Inter-level travel time spent in this place.
 D = Time resting spent in this place.
 E = Time spent auto-exploring this place.
 F = Levels seen in this place.
 G = Mean time per level.
                   A        B        C        D        E       F      G
               +--------+--------+--------+--------+--------+-----+--------+
         Total |    121 |    121 |      0 |      0 |     65 |   1 |  121.0 |
       Dungeon |    121 |    121 |      0 |      0 |     65 |   1 |  121.0 |
               +--------+--------+--------+--------+--------+-----+--------+

Top non-repeatable levels by time:
     D:1: 121 daAuts

Table legend:
 A = Non-vault XP
 B = Vault XP
 C = Vault XP percentage of total XP
 D = Non-vault monster count
 E = Vault monster count
 F = Vault count percentage of total count
                 A         B        C        D         E       F
            +---------+---------+-------+---------+---------+-------
      Total |       8 |       0 |   0.0 |       4 |       0 |   0.0
            +---------+---------+-------+---------+---------+-------
        D:1 |       8 |       0 |   0.0 |       4 |       0 |   0.0
            +---------+---------+-------+---------+---------+-------
